 Dungeon Crawl Stone Soup version 0.30-a0-149-g7f746667c4 (webtiles) character file.

Game seed: 6216309667442941320

611 Iusername the Poker (level 7, -2/61 HPs)
             Began as a Minotaur Fighter on Sept 26, 2022.
             Slain by an ogre
             ... wielding a +0 giant club
              (22 damage)
             ... on level 5 of the Dungeon.
             The game lasted 00:08:01 (4607 turns).

Iusername the Poker (Minotaur Fighter)              Turns: 4607, Time: 00:08:02

Health: -2/61      AC: 12    Str: 22    XL:     7   Next: 20%
Magic:  6/6        EV: 11    Int: 14    God:
Gold:   257        SH:  5    Dex: 14    Spells: 6/6 levels left

rFire   x . .      SeeInvis .    a - +1 trident (freeze)
rCold   . . .      Faith    .    c - +0 buckler
rNeg    . . .      Spirit   .    b - +0 scale mail
rPois   .          Reflect  .    (helmet restricted)
rElec   .          Harm     .    f - +1 cloak "Uschuham" {rF- Int+3 Dex+4}
rCorr   +          Rampage  .    (no gloves)
Will    .....                    s - +1 pair of boots
Stlth   +.........               (no amulet)
HPRegen 0.20/turn                p - +6 ring of intelligence
MPRegen 0.10/turn                n - ring of resist corrosion

@: no status effects
A: horns 2, retaliatory headbutt, sturdy frame 1
a: no special abilities


You were on level 5 of the Dungeon.
You visited 1 branch of the dungeon, and saw 5 of its levels.

You collected 257 gold pieces.

Inventory:

Hand Weapons
 a - a +1 trident of freezing (weapon)
Missiles
 l - 4 boomerangs (quivered)
Armour
 b - a +0 scale mail (worn)
 c - a +0 buckler (worn)
 f - the +1 cloak "Uschuham" (worn) {rF- Int+3 Dex+4}
   (You found it on level 2 of the Dungeon)

   Int:       It affects your intelligence (+3).
   Dex:       It affects your dexterity (+4).
   rF:        It makes you vulnerable to fire.
 s - a +1 pair of boots (worn)
Jewellery
 n - a ring of resist corrosion (right hand)
 p - a +6 ring of intelligence (left hand)
Wands
 o - a wand of flame (16)
Scrolls
 k - a scroll of blinking
Potions
 d - a potion of might
 e - a potion of mutation
 g - a potion of curing {unknown}
 h - a potion of cancellation {unknown}
 i - 2 potions of heal wounds
 j - 2 potions of brilliance
 m - a potion of degeneration {unknown}
 t - a potion of resistance {unknown}


   Skills:
 + Level 5.2 Fighting
 + Level 6.3 Polearms
 + Level 5.6 Armour
 + Level 2.2 Dodging
 + Level 0.8 Stealth
 + Level 4.6 Shields


You had 6 spell levels left.
You didn't know any spells.
Your spell library contained the following spells:

 Spells                   Type           Power      Damage    Failure   Level
 Apportation              Tloc           0%         N/A       54%         1
 Necrotise                Necr           0%         1d4       54%         1
 Summon Small Mammal      Summ           0%         N/A       54%         1
 Cigotuvi's Dreadful Rot  Necr/Pois/Air  0%         N/A       69%         2
 Poisonous Vapours        Pois/Air       0%         N/A       69%         2


Dungeon Overview and Level Annotations

Branches:
Dungeon (5/15)
 Temple: D:4-7

Altars:
Cheibriados
Makhleb
Yredelemnul

Shops:
D:4 *


Innate Abilities, Weirdness & Mutations

You have a pair of horns on your head.
You reflexively headbutt those who attack you in melee.
Your movements are slightly less encumbered by armour. (ER -2)


Message History

The hobgoblin zombie closely misses you.
You furiously retaliate!
You headbutt the hobgoblin zombie.
You destroy the hobgoblin zombie!
You hit the hobgoblin zombie.
The hobgoblin zombie is lightly damaged.
You block the hobgoblin zombie's attack.
The ogre misses you. The orc skeleton barely misses you.
You furiously retaliate!
You headbutt the orc skeleton. You hit the hobgoblin zombie.
The hobgoblin zombie is almost destroyed.
You block the hobgoblin zombie's attack.
You hit the hobgoblin zombie.
You destroy the hobgoblin zombie!
You block the ogre's attack.
The orc skeleton hits you but does no damage.
The orc zombie hits you.
You puncture the white imp!
The white imp is almost dead.
The orc skeleton hits you but does no damage.
The ogre misses you. The white imp gestures at you.
The puff of frost misses you. The orc zombie barely misses you.
You barely miss the white imp. You headbutt the white imp.
You kill the white imp!
You block the orc skeleton's attack.
You barely miss the kobold skeleton. The ogre closely misses you.
You furiously retaliate!
You headbutt the ogre! The orc zombie closely misses you.
The kobold skeleton closely misses you.
The orc skeleton hits you but does no damage.
You barely miss the kobold skeleton. You headbutt the kobold skeleton!
You destroy the kobold skeleton!
You block the orc zombie's attack. The ogre hits you with a +0 giant club.
The orc skeleton hits you but does no damage.
The orc zombie misses you.
A hobgoblin zombie comes into view.
The ogre completely misses you. The orc zombie barely misses you.
You hit the orc skeleton. You headbutt the orc skeleton.
You destroy the orc skeleton!
The ogre hits you with a +0 giant club!!
You die...

###.......# ####.##.#
... ... #.##.# #.# .$##
#....# #.##... ##
###.########.....
.###.รท<...........#
...#.#............#
.....'.........Z..######
##..##..........@.......
......#########O........
##.##...# #........#
##.####.# ##..##.#Z.
##.# #..# #..# ... ##.#
#..#### #..# .. ...#
#.....## .... . #..#
#.###..# ...## #.##
#......## ..


You could see an ogre, a hobgoblin zombie and an orc zombie.

Vanquished Creatures
  Sigmund (D:5)
  A phantom (D:5)
  A necrophage (D:4)
  2 jellies
  2 iguanas
  Jessica (D:3)
  4 adders
  A white imp (D:5)
  An ufetubus (D:4)
  3 worms
  4 dart slugs
  An orc (D:4)
  10 ball pythons
  17 endoplasms
  4 giant cockroaches
  9 goblins
  4 hobgoblins
  5 jackals (D:4)
  14 kobolds
  3 quokkas
  5 bats
  2 frilled lizards
  3 hobgoblin zombies (D:5)
  A kobold skeleton (D:5)
  An orc skeleton (D:5)
  5 rats
105 creatures vanquished.

Vanquished Creatures (others)
  3 fungi (D:2)
  9 toadstools (D:2)
12 creatures vanquished.

Grand Total: 117 creatures vanquished

Notes
Turn   | Place    | Note
-------+----------+-------------------------------------------
     0 | D:1      | Iusername the Minotaur Fighter began the quest for the Orb.
     0 | D:1      | Reached XP level 1. HP: 19/19 MP: 0/0
    53 | D:1      | You fall into a shaft and drop 1 floor!
    82 | D:2      | Identified the +1 cloak "Uschuham" {rF- Int+3 Dex+4}
   199 | D:1      | Reached XP level 2. HP: 20/27 MP: 1/1
  1114 | D:2      | Reached XP level 3. HP: 33/33 MP: 2/2
  1366 | D:2      | Reached skill level 3 in Polearms
  1810 | D:2      | Reached XP level 4. HP: 14/41 MP: 3/3
  1811 | D:2      | Gained mutation: Your movements are slightly less
                  | encumbered by armour. (ER -2) [potion of mutation]
  2582 | D:3      | Found a basalt altar of Yredelemnul.
  2887 | D:3      | Noticed Jessica
  2891 | D:3      | Killed Jessica
  2892 | D:3      | Reached skill level 4 in Polearms
  2892 | D:3      | Reached XP level 5. HP: 47/47 MP: 4/4
  2989 | D:3      | Found a faded altar of an unknown god.
  3126 | D:4      | Found a burning altar of Makhleb.
  3411 | D:4      | Found a snail-covered altar of Cheibriados.
  3566 | D:4      | Found Zyodghuhu's Assorted Antiques.
  3605 | D:4      | Reached skill level 1 in Dodging
  3887 | D:4      | Reached skill level 5 in Armour
  3975 | D:4      | Reached skill level 5 in Polearms
  3975 | D:4      | Reached XP level 6. HP: 49/55 MP: 5/5
  4079 | D:5      | Entered Level 5 of the Dungeon
  4256 | D:5      | Noticed Sigmund
  4264 | D:5      | Killed Sigmund
  4265 | D:5      | Reached skill level 5 in Fighting
  4265 | D:5      | Reached skill level 6 in Polearms
  4265 | D:5      | Reached XP level 7. HP: 46/61 MP: 6/6
  4607 | D:5      | Slain by an ogre

Illustrated notes

Levels and vault maps discovered:
D:1:      lemuel_arrival_cross, layout_basic
D:2:      cheibrodos_fertilizer, layout_basic, hex_large, st_stairs_1
D:3:      layout_basic, old_standard_altar, shapermc_ecumenical_altar_pompeii,
          uniq_jessica
D:4:      layout_gridville, mainiacjoe_overflow_six_doors_small,
          cheibrodos_worm_habitat, serial_shops, nicolae_shop_waterfront
D:5:      layout_basic, nicolae_tso_besieged_by_evil, grunt_dithmenos_shadows,
          nicolae_overflow_hidden_temple, uniq_sigmund

Skill      XL: |  1  2  3  4  5  6 |
---------------+-------------------+-----
Fighting       | 4 5 |  5.2
Armour         | 4 5 |  5.6
Shields        | 4 |  4.6
Polearms       | 3 4 5 6 |  6.3
Dodging        | 1 2 |  2.2
Stealth        | |  0.8

Action                   |  1- 3 |  4- 6 |  7- 9 || total
-------------------------+-------+-------+-------++-------
Melee: Trident           |    92 |   132 |    19 ||   243
       Headbutt          |     6 |    19 |     4 ||    29
  Use: Potion            |       |     1 |       ||     1
       Scroll            |       |    10 |       ||    10
Armor: Scale mail        |    36 |    55 |    11 ||   102
Dodge: Dodged            |    34 |    50 |    16 ||   100
Block: Buckler           |    14 |    30 |    10 ||    54

Table legend: (Time is in decaauts)
 A = Elapsed time spent in this place.
 B = Non-inter-level travel time spent in this place.
 C = Inter-level travel time spent in this place.
 D = Time resting spent in this place.
 E = Time spent auto-exploring this place.
 F = Levels seen in this place.
 G = Mean time per level.
                   A        B        C        D        E       F      G
               +--------+--------+--------+--------+--------+-----+--------+
         Total |   4654 |   4326 |    328 |    754 |   2696 |   5 |  930.8 |
       Dungeon |   4654 |   4326 |    328 |    754 |   2696 |   5 |  930.8 |
               +--------+--------+--------+--------+--------+-----+--------+

Top non-repeatable levels by time:
     D:2: 1590 daAuts
     D:4: 1023 daAuts
     D:1: 959 daAuts
     D:3: 552 daAuts
     D:5: 529 daAuts
